[Event "FRA-ch Youth U16 2018"]
[Site "Agen"]
[Date "2018.04.16"]
[Round "3"]
[White "Degraeve, Remy"]
[Black "Lepoittevin, Thomas"]
[Result "1/2-1/2"]
[ECO "B23"]
[WhiteElo "2294"]
[BlackElo "1789"]
[Annotator "NA RC"]
[PlyCount "78"]
[EventDate "2018.??.??"]
[EventType "swiss"]
[EventCountry "FRA"]
[SourceTitle "playchess.com"]
[Source "ChessBase"]
[SourceQuality "1"]
[TimeControl "5400+30"]

1. e4 c5 2. Nc3 a6 3. g3 b5 4. a4 {[%emt 0:00:18] B23: Closed Sicilian: Lines without g3} (4. Bg2 Bb7 5. d3 e6 6. f4 Nf6 7. Nf3 d6 8. O-O Be7 9. a4 b4 10. Ne2 c4 11. b3 cxd3 12. cxd3 O-O 13. h3 Nc6 14. g4 Nd7 15. g5 {1-0 (51) Duda,J (2717)-Fedorchuk,S (2648) Katowice 2017}) 4... b4 5. Nd5 e6 6. Ne3 Bb7 7. Bg2 Nf6 8. d3 d5 {[%emt 0:01:32] LiveBook: 5 Games} 9. exd5 Nxd5 10. Nc4 Nd7 $146 ({Reject Predecessor:} 10... Nc3 $6 11. Bxb7 Nxd1 12. Bxa8 $16 Nxf2 13. Kxf2 {1-0 (55) Longa Yauca,J (2290)-Bartolome Martin,A (1842) Madrid 2016}) 11. Nf3 a5 12. O-O N5b6 13. Nfd2 Bxg2 14. Kxg2 Be7 15. Qf3 O-O 16. Re1 Bg5 17. h4 Nxc4 (17... Be7 $11) 18. hxg5 Nd6 19. Qh5 Re8 20. Rh1 Nf8 21. Nf3 e5 22. b3 e4 23. dxe4 Nxe4 24. Bb2 Ra7 25. Rad1 Qb6 26. Ne5 Rae7 27. Nc4 Qb7 28. f3 Nc3 29. Bxc3 Re2+ $17 30. Kf1 bxc3 31. Nd6 Rd2 32. Rxd2 cxd2 33. Kf2 Qd5 34. Nxe8 d1=Q 35. Rxd1 Qxd1 36. Nc7 Qxc2+ 37. Kg1 Qd1+ 38. Kg2 Qd2+ 39. Kg1 Qd1+ 1/2-1/2

[Event "FRA-ch Youth U16 2018"]
[Site "Agen"]
[Date "2018.04.16"]
[Round "3"]
[White "Aubert, Estee"]
[Black "David, Irene"]
[Result "1/2-1/2"]
[ECO "A04"]
[WhiteElo "1892"]
[BlackElo "1668"]
[Annotator "NA RC"]
[PlyCount "62"]
[EventDate "2018.??.??"]
[EventType "swiss"]
[EventCountry "FRA"]
[SourceTitle "playchess.com"]
[Source "ChessBase"]
[SourceQuality "1"]
[TimeControl "5400+30"]

1. Nf3 Nc6 2. d4 d5 3. g3 g6 4. Bg2 Bg7 5. O-O Nf6 6. c4 $14 {[%emt 0:02:36] LiveBook: 9 Games} O-O 7. cxd5 Nxd5 8. e4 Nb6 9. d5 Ne5 10. Nc3 e6 11. Bg5 Nxf3+ 12. Bxf3 Qxg5 13. Qb3 exd5 14. exd5 Bg4 15. Bg2 Rfe8 16. Rfe1 Qd2 17. Ne4 Qxb2 18. Qd3 Qd4 19. Qb5 Bd7 20. Qb3 Qc4 21. Qxc4 Nxc4 22. Rac1 Nd6 23. Rxc7 Bf5 24. f3 Rac8 25. Rxc8 Nxc8 26. Nf6+ Bxf6 27. Rxe8+ Kg7 28. Re1 Nd6 29. Rc1 Bd4+ 30. Kh1 Bb6 31. Bf1 Kf6 1/2-1/2

[Event "FRA-ch Youth U16 2018"]
[Site "Agen"]
[Date "2018.04.16"]
[Round "3"]
[White "Bellahcene, Meriem"]
[Black "Rubsamen, Anais"]
[Result "1-0"]
[ECO "B06"]
[WhiteElo "1862"]
[BlackElo "1658"]
[Annotator "NA RC"]
[PlyCount "71"]
[EventDate "2018.??.??"]
[EventType "swiss"]
[EventCountry "FRA"]
[SourceTitle "playchess.com"]
[Source "ChessBase"]
[SourceQuality "1"]
[TimeControl "5400+30"]

1. e4 g6 2. d4 c6 3. Nc3 d5 4. e5 Bg7 5. f4 Nh6 6. Nf3 Bg4 7. h3 Bxf3 8. Qxf3 Nf5 {[%emt 0:01:42] [#]} 9. Be3 (9. Ne2 $1 $16) 9... Qb6 10. O-O-O $14 Na6 11. g4 Nh6 12. f5 O-O-O 13. h4 Kb8 14. h5 gxf5 15. gxf5 e6 16. Bh3 Nxf5 17. Bxf5 exf5 18. h6 Bxe5 19. dxe5 d4 20. Bf2 c5 21. Ne2 Qe6 22. Qb3 c4 23. Qa3 d3 24. cxd3 cxd3 25. Nc3 Qxe5 26. Qa4 Nc5 27. Bxc5 Qxc5 28. Qf4+ Ka8 29. Rh3 d2+ 30. Rxd2 Qg1+ 31. Kc2 Qg4 32. Rf3 Rxd2+ 33. Kxd2 Rd8+ 34. Kc2 Qg6 35. Rf2 a6 36. Kb1 1-0

[Event "FRA-ch Youth U16 2018"]
[Site "Agen"]
[Date "2018.04.16"]
[Round "3"]
[White "Diez, Ambre"]
[Black "Djidjeli, Sarah"]
[Result "1/2-1/2"]
[ECO "B24"]
[WhiteElo "1701"]
[BlackElo "1903"]
[Annotator "NA RC"]
[PlyCount "98"]
[EventDate "2018.??.??"]
[EventType "swiss"]
[EventCountry "FRA"]
[SourceTitle "playchess.com"]
[Source "ChessBase"]
[SourceQuality "1"]
[TimeControl "5400+30"]

1. e4 c5 2. Nc3 Nc6 3. g3 g6 4. Bg2 Bg7 5. Nge2 e6 6. d3 Nge7 7. Be3 Nd4 8. O-O O-O 9. Rb1 d6 10. f4 Rb8 $11 {[%emt 0:01:41] LiveBook: 4 Games} 11. g4 f5 12. h3 b5 13. Ng3 e5 14. gxf5 gxf5 15. Nce2 Nxe2+ 16. Nxe2 Ng6 17. Qe1 Nh4 18. Qg3 Nxg2 19. Qxg2 Kh8 20. Kh2 Qe7 21. Nc3 Be6 22. fxe5 Bxe5+ 23. Bf4 Rg8 24. Qd2 Rbf8 25. Bxe5+ dxe5 26. exf5 Bxf5 27. Qe3 Qe6 28. Rbe1 Re8 29. Nxb5 Qc6 30. Rf2 Bc8 31. Nc3 Rg6 32. Qe4 Qd7 33. Qe3 Qc6 34. Qe4 Qe6 35. Re3 Qe7 36. Rg2 Rxg2+ 37. Qxg2 Bb7 38. Ne4 Rg8 39. Rg3 Rf8 40. Rf3 Rd8 41. Qf2 Bd5 42. c4 Bxe4 43. dxe4 Rg8 44. Rf7 Qg5 45. Qf6+ Qxf6 46. Rxf6 Rd8 47. Rc6 Rd4 48. Rxc5 Rxe4 49. Rc7 a6 1/2-1/2

[Event "FRA-ch Youth U16 2018"]
[Site "Agen"]
[Date "2018.04.16"]
[Round "3"]
[White "Rozec, Mialy"]
[Black "Conti, Anne-Marie"]
[Result "0-1"]
[ECO "A61"]
[WhiteElo "1668"]
[BlackElo "1865"]
[Annotator "NA RC"]
[PlyCount "94"]
[EventDate "2018.??.??"]
[EventType "swiss"]
[EventCountry "FRA"]
[SourceTitle "playchess.com"]
[Source "ChessBase"]
[SourceQuality "1"]
[TimeControl "5400+30"]

1. d4 Nf6 2. Nf3 e6 3. c4 c5 4. d5 exd5 5. cxd5 d6 6. Nc3 g6 7. Nd2 Nbd7 8. Nc4 Nb6 9. e4 Nxc4 10. Bxc4 Bg7 $11 {[%emt 0:01:08] LiveBook: 3 Games} 11. O-O O-O 12. Bf4 Nh5 13. Be3 a6 14. a4 Re8 15. Bd3 Qh4 16. Qd2 Be5 17. f4 Bg7 18. f5 Be5 19. h3 Qg3 20. Ne2 Qh2+ 21. Kf2 Bg3+ 22. Kf3 Bh4 23. Bf4 Nxf4 24. Qxf4 Qxf4+ 25. Nxf4 Bf6 26. Ra2 gxf5 27. exf5 Bd4 28. Kg3 Bd7 29. b3 Re5 30. Re2 Rae8 31. Rfe1 Bc3 32. Rxe5 dxe5 33. Rf1 exf4+ 34. Kxf4 Bd2+ 35. Kg4 Re3 36. Rf3 Re5 37. Bc4 b5 38. axb5 axb5 39. Bf1 Rxd5 40. Bd3 Rd4+ 41. Kg3 Bc6 42. Be2 Bxf3 43. Kxf3 Rf4+ 44. Kg3 c4 45. bxc4 bxc4 46. Kh2 c3 47. Bd3 Rb4 0-1